 Dungeon Crawl Stone Soup version 0.29-a0-551-gffc1d7fb78 (webtiles) character file.

Game seed: 12048652724287409227

4743 PapperCannon the Destroyer (level 10, -7/68 HPs)
             Began as an Octopode Conjurer on June 5, 2022.
             Was an Initiate of Gozag.
             Mangled by a hornet (9 damage)
             ... while paralysed by a hornet
             ... on level 8 of the Dungeon.
             The game lasted 00:26:31 (14555 turns).

PapperCannon the Destroyer (Octopode Conjurer)     Turns: 14555, Time: 00:26:31

Health: -7/68      AC:  2    Str: 18    XL:     10   Next: 46%
Magic:  5/13       EV:  2    Int: 24    God:    Gozag
Gold:   846        SH:  0    Dex: 12    Spells: 6/13 levels left

rFire   . . .      SeeInvis .   j - +2 dagger (protect)
rCold   . . .      Faith    .   (no shield)
rNeg    . . .      Spirit   .   t - +1 hat {Stlth+}
rPois   .          Reflect  .   n - amulet of the acrobat
rElec   .          Harm     .   b - +6 ring of strength
rCorr   +          Rampage  .   d - +6 ring of strength
Will    .....                   w - ring of wizardry
Stlth   ++++++....              C - ring of resist corrosion
HPRegen 0.21/turn               (no ring)
MPRegen 0.13/turn               (no ring)
                                (no ring)
                                (no ring)

@: paralysed, about to teleport, gold aura, slowed
A: almost no armour, amphibious, 8 rings, camouflage 1, gelatinous body 1,
(nimble swimmer 1), tentacles
a: Renounce Religion, Potion Petition, Call Merchant, Bribe Branch


You were on level 8 of the Dungeon.
You worshipped Gozag.
Gozag was pleased with you.
You visited 2 branches of the dungeon, and saw 9 of its levels.

You collected 913 gold pieces.
You paid 67 gold pieces to Gozag.

Inventory:

Hand Weapons
 j - a +2 dagger of protection (weapon)
 s - a +2 vorpal spear
 E - a +4 short sword
 K - a +5 long sword
 M - a +4 dagger of freezing
Missiles
 i - 13 poisoned darts
 G - a throwing net
Armour
 t - a +1 hat of stealth (worn)
Jewellery
 b - a +6 ring of strength (left tentacle)
 d - a +6 ring of strength (right tentacle)
 e - a ring of flight
 f - a +6 ring of strength
 n - an amulet of the acrobat (around mantle)
 w - a ring of wizardry (on tentacle)
 C - a ring of resist corrosion (on tentacle)
Wands
 o - a wand of flame (32) (quivered)
 L - a wand of iceblast (6)
Scrolls
 c - a scroll of fear {unknown}
 g - a scroll of amnesia {unknown}
 v - 4 scrolls of vulnerability
 y - a scroll of magic mapping
 z - a scroll of acquirement {unknown}
 A - a scroll of teleportation
 B - a scroll of noise {unknown}
 H - a scroll of enchant armour {unknown}
Potions
 a - 3 potions of curing
 h - a potion of might
 k - a potion of mutation {unknown}
 m - 3 potions of attraction
 q - 2 potions of flight
 r - a potion of brilliance
 u - 2 potions of invisibility
 x - 2 potions of lignification {unknown}


   Skills:
 + Level 5.7 Fighting
 + Level 6.1 Dodging
 + Level 8.8 Stealth
 - Level 2.0 Spellcasting
 + Level 11.9 Conjurations


You had 6 spell levels left.
You knew the following spells:

 Your Spells              Type           Power      Damage    Failure   Level
a - Searing Ray           Conj           100%       2d8       1%          2
b - Magic Dart            Conj           100%       1d8       1%          1
c - Fulminant Prism       Conj/Hex       15%        3d11      4%          4

Your spell library contained the following spells:

 Spells                   Type           Power      Damage    Failure   Level
 Foxfire                  Conj/Fire      100%       2x1d9     1%          1
 Conjure Flame            Conj/Fire      30%        6-21      1%          3
 Dazzling Flash           Conj/Hex       60%        N/A       1%          3
 Stone Arrow              Conj/Erth      60%        3d10      1%          3
 Mephitic Cloud           Conj/Pois/Air  21%        N/A       2%          3
 Sandblast                Erth           4%         2d4       4%          1
 Flame Wave               Conj/Fire      30%        2d8       4%          4
 Iskenderun's Mystic Bla  Conj/Tloc      30%        2d8       4%          4
 Sticky Flame             Conj/Fire      30%        2d5       4%          4
 Call Imp                 Summ           2%         N/A       8%          2
 Ensorcelled Hibernation  Hex/Ice        4%         N/A       8%          2
 Passwall                 Tmut/Erth      1%         N/A       8%          2
 Confusing Touch          Hex            2%         N/A       14%         3
 Ignite Poison            Fire/Tmut/Pois 2%         N/A       14%         3
 Inner Flame              Hex/Fire       2%         N/A       14%         3
 Swiftness                Air            2%         N/A       14%         3
 Agony                    Necr           2%         N/A       75%         5
 Silence                  Hex/Air        1%         N/A       75%         5
 Yara's Violent Unravell  Hex/Tmut       1%         3d3       75%         5
 Enfeeble                 Hex            1%         N/A       100%        7


Dungeon Overview and Level Annotations

Branches:
Dungeon (8/15)             Temple (1/1) D:5
   Lair: D:8-11

Altars:
Cheibriados
Dithmenos
Elyvilon
Fedhas
Gozag
Hepliaklqana
Kikubaaqudgha
Nemelex Xobeh
Okawaru
Qazlal
Trog
Vehumet
Yredelemnul
Zin


Innate Abilities, Weirdness & Mutations

You cannot wear most types of armour.
You are amphibious.
You can wear up to eight rings at the same time.
Your skin changes colour to match your surroundings (Stealth+).
Your rubbery body absorbs attacks. (AC +1, EV +1)
((You are camouflaged when in or above water. (Stealth+)))
You have tentacles for arms and can constrict up to eight enemies at once.


Message History

The kobold is distracted by your dazzling golden aura.
Unknown command.
Your fulminant prism crackles loudly.
You hear an explosion!
You feel a bit more experienced. The kobold completely misses you.
You hit the kobold.
Your weapon exudes an aura of protection.
You kill the kobold!
A hornet comes into view.
Things that are here:
6 gold pieces; a +0 short sword The hornet buzzes angrily.
The hornet stings you.
You feel yourself slow down.
Okay, then.
Okay, then.
Okay, then.
Aiming: Iceblast
Press: ? - help, Shift-Dir - straight line The mass of ice explodes!
The iceblast engulfs the hornet!
The hornet is moderately wounded.
You feel yourself speed up. The hornet stings you.
You feel yourself slow down.
Unknown command.
As you read the scroll of teleportation, it crumbles to dust.
You feel strangely unstable. The hornet stings you!
You suddenly lose the ability to move!
The hornet stings you!
You feel as though you will be slow longer.
The hornet stings you!
* * * LOW HITPOINT WARNING * * *
You feel as though you will be slow longer.
The hornet stings you.
* * * LOW HITPOINT WARNING * * *
You feel as though you will be slow longer.
The hornet stings you!
* * * LOW HITPOINT WARNING * * *
You feel as though you will be slow longer.
The hornet stings you!
You die...
Your body crumbles into a pile of gold.

#.## #.# ...## #.#
....## ... .....####
#.# .#......# #<#
.....##.# #.# .#..###^#
#.###
...####.#####...#######
.#..............@$....#
#...###########y#####.#
.#..# #.# #.# ....#
#.#####.# .#..#
#.#*....# ....#
#.#K##### .#..# #.#.#
...## #.#.# .#.# #.#.#


You could see a hornet.

Vanquished Creatures
  Pikel (D:4)
  Sigmund (D:3)
  A wraith (D:8)
  5 yaks
  Eustachio (D:6)
  Menkaure (D:5)
  A steam dragon (D:7)
  2 water moccasins
  An orc warrior (D:8)
  A sky beast (D:7)
  A lemure (D:4)
  2 kobold brigands
  2 bullfrogs
  Blork the orc (D:4)
  5 scorpions
  10 wights (D:6)
  3 howler monkeys
  4 hounds
  A gnoll shaman (D:8)
  7 orc priests
  5 iguanas
  Jessica (D:2)
  Ijyb (D:3)
  Natasha (thrice) (D:3)
  8 orc wizards
  22 gnolls
  9 adders
  2 shadow imps
  2 white imps
  2 dart slugs
  43 orcs
  4 bats
  5 endoplasms
  3 giant cockroaches
  5 goblins
  6 hobgoblins
  7 jackals
  3 quokkas
  14 ball pythons
  2 frilled lizards
  10 kobolds
  3 rats (D:1)
211 creatures vanquished.

Vanquished Creatures (others)
  19 fulminant prisms
19 creatures vanquished.

Grand Total: 230 creatures vanquished

Notes
Turn   | Place    | Note
-------+----------+-------------------------------------------
     0 | D:1      | PapperCannon the Octopode Conjurer began the quest for the
                  | Orb.
     0 | D:1      | Reached XP level 1. HP: 11/11 MP: 3/3
   341 | D:1      | Reached XP level 2. HP: 17/17 MP: 3/5
   501 | D:1      | Learned a level 2 spell: Searing Ray
   538 | D:1      | Reached XP level 3. HP: 11/21 MP: 3/6
   585 | D:1      | Reached skill level 5 in Conjurations
   682 | D:1      | Found a faded altar of an unknown god.
  1298 | D:2      | Reached XP level 4. HP: 8/27 MP: 1/7
  1878 | D:2      | Noticed Jessica
  2725 | D:2      | Killed Jessica
  2726 | D:2      | Reached skill level 6 in Conjurations
  3564 | D:3      | Noticed Ijyb
  3571 | D:3      | Killed Ijyb
  3572 | D:3      | Reached XP level 5. HP: 31/31 MP: 3/8
  3632 | D:3      | Noticed Sigmund
  4077 | D:3      | Noticed Natasha
  4082 | D:3      | Killed Natasha
  4083 | D:3      | Reached skill level 7 in Conjurations
  4341 | D:3      | Reached XP level 6. HP: 36/36 MP: 9/9
  4372 | D:3      | Killed Sigmund
  4837 | D:3      | Noticed Natasha
  4842 | D:3      | Killed Natasha
  4843 | D:3      | Reached skill level 8 in Conjurations
  5530 | D:3      | Noticed Natasha
  5532 | D:3      | Killed Natasha
  5533 | D:3      | Reached XP level 7. HP: 41/41 MP: 7/10
  5836 | D:4      | Noticed Blork the orc
  5844 | D:4      | Killed Blork the orc
  6588 | D:4      | Noticed Pikel
  6600 | D:4      | Killed Pikel
  6601 | D:4      | Reached skill level 10 in Conjurations
  6601 | D:4      | Reached XP level 8. HP: 33/46 MP: 1/11
  7226 | D:4      | Found a bloodstained altar of Trog.
  7564 | D:4      | Identified the +1 robe of Kikubaaqudgha {+Inv}
  7759 | D:5      | Entered Level 5 of the Dungeon
  8235 | D:5      | Reached skill level 1 in Fighting
  8921 | D:5      | Found a staircase to the Ecumenical Temple.
  8931 | Temple   | Entered the Ecumenical Temple
  8998 | Temple   | Became a worshipper of Gozag Ym Sagoz the Greedy
  9186 | D:5      | Noticed Menkaure
  9192 | D:5      | Killed Menkaure
  9292 | D:5      | Reached XP level 9. HP: 55/55 MP: 4/12
  9658 | D:5      | Learned a level 4 spell: Fulminant Prism
  9789 | D:6      | Reached skill level 5 in Stealth
 10121 | D:6      | Reached skill level 11 in Conjurations
 11184 | D:6      | Noticed Eustachio
 11210 | D:6      | Killed Eustachio
 11474 | D:6      | Reached skill level 5 in Dodging
 11509 | D:5      | Reached XP level 10. HP: 13/65 MP: 0/13
 12122 | D:7      | Reached skill level 5 in Fighting
 12720 | D:7      | Found an iron altar of Okawaru.
 14553 | D:8      | Paralysed by a hornet for 3 turns
 14555 | D:8      | HP: 2/68 [hornet (12)]
 14555 | D:8      | Mangled by a hornet

Illustrated notes

Levels and vault maps discovered:
D:1:      dpeg_arrival_prison, layout_rooms, dreamdust_ecumenical_altar_statues,
          hangedman_glass_garden
D:2:      layout_loops_ring, uniq_jessica
D:3:      layout_basic, uniq_natasha, uniq_sigmund, uniq_ijyb
D:4:      layout_basic, mainiacjoe_overflow_alcove_1, uniq_blork_the_orc,
          uniq_pikel
D:5:      layout_basic, minmay_temple_entry_antechambers, minivault_24,
          uniq_menkaure
D:6:      layout_basic, uniq_eustachio
D:7:      layout_loops_corners, kennysheep_okawaru_gauntlet
D:8:      layout_loops_ring, makhleb_blood_cavern_becter,
          nicolae_ru_great_annihilating_truth, amcnicky_altar_gilded,
          hangedman_decor_riveting
Temple:   zaba_magenta_temple

Skill      XL: |  1  2  3  4  5  6  7  8  9 10 |
---------------+-------------------------------+-----
Conjurations   | 5 6 7 8 10 11 | 11.9
Stealth        | 4 7 8 |  8.8
Fighting       | 2 4 5 |  5.7
Dodging        | 3 5 6 |  6.1
Spellcasting   | |  2.0

Action                   |  1- 3 |  4- 6 |  7- 9 | 10-12 || total
-------------------------+-------+-------+-------+-------++-------
Melee: Unarmed           |     8 |       |       |       ||     8
       Constrict         |     7 |     8 |    20 |    12 ||    47
       Flail             |    13 |     8 |       |       ||    21
       Tentacles         |     3 |     7 |    19 |    17 ||    46
       Short sword       |       |    18 |       |       ||    18
       Dagger            |       |     9 |    61 |    41 ||   111
       Punch             |       |       |     2 |       ||     2
 Cast: Magic Dart        |    21 |       |     1 |       ||    22
       Searing Ray       |     8 |    18 |    61 |    19 ||   106
       Fulminant Prism   |       |       |     2 |    17 ||    19
Evoke: Wand              |       |       |     2 |     1 ||     3
  Use: Potion            |     2 |       |     2 |       ||     4
       Scroll            |     1 |     4 |     3 |     4 ||    12
 Stab: Sleeping          |     1 |     5 |     5 |     2 ||    13
       Distracted        |       |       |     1 |     1 ||     2
Armor: Skin              |     4 |     8 |    18 |     7 ||    37
Dodge: Dodged            |    33 |    33 |   134 |    50 ||   250

Table legend: (Time is in decaauts)
 A = Elapsed time spent in this place.
 B = Non-inter-level travel time spent in this place.
 C = Inter-level travel time spent in this place.
 D = Time resting spent in this place.
 E = Time spent auto-exploring this place.
 F = Levels seen in this place.
 G = Mean time per level.
                   A        B        C        D        E       F      G
               +--------+--------+--------+--------+--------+-----+--------+
         Total |  14566 |  14166 |    400 |   4096 |   8090 |   9 | 1618.4 |
       Dungeon |  14482 |  14121 |    361 |   4096 |   8050 |   8 | 1810.2 |
        Temple |     84 |     45 |     39 |      0 |     40 |   1 |   84.0 |
               +--------+--------+--------+--------+--------+-----+--------+

Top non-repeatable levels by time:
     D:3: 2312 daAuts
     D:4: 2261 daAuts
     D:6: 2090 daAuts
     D:5: 1932 daAuts
     D:2: 1703 daAuts
     D:1: 1669 daAuts
     D:7: 1641 daAuts
     D:8: 869 daAuts
  Temple: 84 daAuts
